 Dungeon Crawl Stone Soup version 0.25.0-1-g7eea58d2a3 (webtiles) character file.

Game seed: 17922917029379968386

11816 Delamore the Basher (level 11, -1/60 HPs)
             Began as a Gargoyle Fighter on June 13, 2020.
             Was an Elder of Okawaru.
             Slain by Gastronok (23 damage)
             ... on level 11 of the Dungeon.
             The game lasted 00:16:16 (11827 turns).

Delamore the Basher (Gargoyle Fighter)             Turns: 11827, Time: 00:16:17

Health: -1/60      AC: 19    Str: 23    XL:     11   Next: 83%
Magic:  20/20      EV:  9    Int:  9    God:    Okawaru [****..]
Gold:   568        SH: 17    Dex:  9    Spells: 10/10 levels left

rFire    + . .     SeeInvis .   H - +2 mace (pain)
rCold    + . .     Gourm    .   c - +0 kite shield
rNeg     + . .     Faith    .   L - +2 scale mail {rF+}
rPois    ∞         Spirit   .   y - +0 helmet
rElec    +         Reflect  +   u - scarf {repulsion}
rCorr    .         Harm     .   (no gloves)
MR       .....                  q - +0 pair of boots
Stlth    ..........             s - amulet of reflection
HPRegen  0.20/turn              F - ring of magical power
MPRegen  0.17/turn              I - ring of protection from cold

@: mighty, slowed, repel missiles, very slow
A: negative energy resistance 1, electricity resistance, unbreathing,
petrification resistance, rot immunity, AC +8
a: Heroism, Renounce Religion


You were on level 11 of the Dungeon.
You worshipped Okawaru.
Okawaru was greatly pleased with you.
You were not hungry.

You visited 2 branches of the dungeon, and saw 12 of its levels.
You also visited: Sewer.

You collected 652 gold pieces.
You spent 84 gold pieces at shops.

Inventory:

Hand Weapons
 a - a +2 vampiric whip
 o - a +0 morningstar
 D - a +0 whip of flaming
 H - a +2 mace of pain (weapon)
 O - a +1 eveningstar
Armour
 c - a +0 kite shield (worn)
 q - a +0 pair of boots (worn)
 u - a scarf of repulsion (worn)
 y - a +0 helmet (worn)
 L - a +2 scale mail of fire resistance (worn)
Jewellery
 s - an amulet of reflection (around neck)
 F - a ring of magical power (left hand)
 I - a ring of protection from cold (right hand)
Wands
 b - a wand of digging (7)
 h - a wand of clouds (6)
 v - a wand of polymorph (11)
 x - a wand of paralysis (12)
 M - a wand of iceblast (5)
Scrolls
 i - 3 scrolls of enchant weapon
 l - 3 scrolls of amnesia
 m - a scroll of enchant armour
 n - 4 scrolls of magic mapping
 p - a scroll of blinking
 r - a scroll of remove curse
 t - 3 scrolls of teleportation
 C - a scroll of silence {unknown}
 E - a scroll of immolation
 G - a scroll of torment {unknown}
 K - 2 scrolls of identify
Potions
 d - 6 potions of might
 g - a potion of stabbing {unknown}
 j - 9 potions of curing
 k - a potion of berserk rage {unknown}
 w - a potion of magic {unknown}
 z - 2 potions of lignification {unknown}
 A - a potion of cancellation {unknown}
 B - 2 potions of mutation {unknown}
 J - a potion of resistance {unknown}
Comestibles
 f - 22 rations


   Skills:
 - Level 3.2 Fighting
 + Level 14.5 Maces & Flails
 - Level 3.2 Armour
 + Level 12.1 Shields


You had 10 spell levels left.
You didn't know any spells.
Your spell library contained the following spells:

 Spells                   Type           Power        Failure   Level  Hunger
 Infusion                 Chrm           #...         83%         1    ##.....
 Summon Small Mammal      Summ           #...         83%         1    ##.....
 Call Imp                 Summ           #.......     92%         2    ###....
 Shroud of Golubria       Chrm/Tloc      #.....       92%         2    ###....
 Song of Slaying          Chrm           #.......     92%         2    ###....
 Call Canine Familiar     Summ           #.......     99%         3    ####...
 Ozocubu's Armour         Chrm/Ice       #.......     99%         3    ####...
 Spectral Weapon          Hex/Chrm       #.......     99%         3    ####...
 Summon Guardian Golem    Hex/Summ       #.......     99%         3    ####...
 Summon Ice Beast         Ice/Summ       #.......     100%        4    #####..
 Summon Lightning Spire   Summ/Air       #.......     100%        4    #####..


Dungeon Overview and Level Annotations

Branches:
Dungeon (11/15)            Temple (1/1) D:6            Lair (0/6) D:10
    Orc (0/2) D:9           Sewer (visited)

Altars:
Ashenzari
Cheibriados
Dithmenos
Elyvilon
Fedhas
Gozag
Hepliaklqana
Kikubaaqudgha
Makhleb
Nemelex Xobeh
Okawaru
Qazlal
Ru
Sif Muna
Trog
Uskayaw
Vehumet
Wu Jian
Xom
Yredelemnul
Zin
The Shining One
Lugonu

Shops:
D:4 *   D:5 *   D:7 [   D:9 :

Annotations:
D:11 2 transporters, Gastronok


Innate Abilities, Weirdness & Mutations

You are resistant to torment.
Your stone body is resilient. (AC +8)
You are immune to poison.
You resist negative energy. (rN+)
You are resistant to electric shocks. (rElec)
You can survive without breathing.
You are immune to petrification.
You are immune to rotting.


Message History

You sock Gastronok!
Gastronok is severely wounded.
You block Gastronok's attack.
You sock Gastronok!
Gastronok is severely wounded.
You hit Gastronok.
Gastronok is severely wounded.
Gastronok misses you.
You sock Gastronok!
Gastronok is almost dead.
You hit Gastronok.
Gastronok is almost dead.
Gastronok gurgles, "I'll eat you, I will!"
You block Gastronok's attack.
You sock Gastronok!
Gastronok is almost dead.
You hit Gastronok.
Gastronok is almost dead.
Gastronok bites you!!
You die...

...... .......###.............
...... .......# #........((...
.....# ####....# #.........(...
.....# #....# #.........)...
.....# #....###...###.[.....
.....# #.......(<.# #.......
.....########..........# #.......
......................)# #.....).
.....[..........@w.............(.
................................(
##....#######................$...
#....# #..........#####.....
#....# #(.........# ...## #....#
#..........# ...# ##....#
#...........
......#######....####...
.................# ..


You could see Gastronok.

Vanquished Creatures
  2 two-headed ogres
  Urug (D:11)
  Pikel (D:8)
  A cyclops (D:11)
  2 ugly things (D:11)
  A queen bee (D:10)
  A hippogriff (D:11)
  A spriggan (D:8)
  4 yaks (D:10)
  A wyvern (D:11)
  Grum (D:8)
  A hungry ghost (D:10)
  A steam dragon (D:8)
  5 water moccasins
  A porcupine (D:10)
  2 slaves (D:8)
  2 ice beasts
  A sky beast (D:6)
  7 orc warriors
  2 black bears
  A necrophage (D:8)
  3 wolves (D:8)
  3 ogres
  5 centaurs
  3 big kobolds (Sewer)
  5 bullfrogs
  A water moccasin zombie (D:5)
  A gnoll sergeant (D:7)
  A wyvern skeleton (D:10)
  4 scorpions
  A water moccasin skeleton (D:6)
  17 killer bees
  2 wights (D:10)
  7 howler monkeys
  6 crimson imps
  3 hounds
  4 centaur skeletons
  4 orc priests
  16 orc wizards
  9 worker ants
  A hound skeleton (D:5)
  5 gnolls (D:7)
  11 adders
  A shadow imp (D:8)
  4 oozes
  3 adder skeletons
  An adder zombie (D:5)
  3 worms
  6 leopard geckos
  49 orcs
  3 ball pythons
  8 giant cockroaches
  6 goblins
  7 hobgoblins
  13 jackals
  4 quokkas
  4 bats
  5 frilled lizards
  18 kobolds
  A leopard gecko skeleton (D:4)
  A quokka skeleton (D:9)
  7 rats
  A withered plant (D:10)
296 creatures vanquished.

Vanquished Creatures (others)
  Psyche (D:11)
1 creature vanquished.

Grand Total: 297 creatures vanquished

Notes
Turn   | Place    | Note
-------+----------+-------------------------------------------
     0 | D:1      | Delamore the Gargoyle Fighter began the quest for the Orb.
     0 | D:1      | Reached XP level 1. HP: 14/14 MP: 1/1
   170 | D:1      | Reached XP level 2. HP: 19/19 MP: 2/2
   245 | D:1      | Reached skill level 3 in Maces & Flails
   593 | D:2      | Reached XP level 3. HP: 23/23 MP: 3/3
   712 | D:2      | You fall into a shaft and drop 1 floor!
   727 | D:3      | Reached skill level 4 in Maces & Flails
   727 | D:3      | Reached XP level 4. HP: 26/28 MP: 4/4
  1038 | D:3      | Reached skill level 5 in Maces & Flails
  1038 | D:3      | Reached XP level 5. HP: 32/32 MP: 5/5
  1085 | D:3      | Found a glowing drain.
  1254 | Sewer    | Entered a sewer
  1283 | Sewer    | Noticed a big kobold
  1283 | Sewer    | Noticed a big kobold
  1295 | Sewer    | Killed a big kobold
  1301 | Sewer    | Killed a big kobold
  1301 | Sewer    | Reached skill level 6 in Maces & Flails
  1301 | Sewer    | Reached XP level 6. HP: 29/37 MP: 6/6
  1986 | D:3      | Reached skill level 7 in Maces & Flails
  2525 | D:4      | Reached XP level 7. HP: 32/41 MP: 7/7
  2605 | D:4      | Found Notsitom's General Store.
  2616 | D:4      | Bought a scroll of teleportation for 39 gold pieces
  2616 | D:4      | Bought a scroll of magic mapping for 45 gold pieces
  2747 | D:4      | Found a hide-covered altar of Uskayaw.
  3223 | D:4      | Reached skill level 8 in Maces & Flails
  3424 | D:4      | Found a sacrificial altar of Ru.
  3697 | D:5      | Entered Level 5 of the Dungeon
  3735 | D:5      | Reached skill level 9 in Maces & Flails
  3735 | D:5      | Reached XP level 8. HP: 38/46 MP: 8/8
  3824 | D:5      | Noticed a moth of wrath
  3827 | D:5      | Found a bloodstained altar of Trog.
  4183 | D:5      | Found a shimmering altar of Xom.
  4261 | D:5      | Found Suptoan's Serpentskin Sales.
  4275 | D:5      | Reached skill level 10 in Maces & Flails
  4473 | D:5      | Found a hazy altar of Hepliaklqana.
  4680 | D:6      | Found a glowing golden altar of the Shining One.
  4722 | D:6      | Reached XP level 9. HP: 51/51 MP: 9/9
  4839 | D:6      | Reached skill level 11 in Maces & Flails
  4911 | D:6      | Found a shadowy altar of Dithmenos.
  5090 | D:6      | Found a staircase to the Ecumenical Temple.
  5092 | D:6      | Found a snail-covered altar of Cheibriados.
  5106 | Temple   | Entered the Ecumenical Temple
  5246 | D:6      | Reached skill level 5 in Shields
  5323 | D:6      | Found a burning altar of Makhleb.
  5625 | D:7      | Found Riav's Antique Armour Emporium.
  6173 | D:7      | Found an ancient bone altar of Kikubaaqudgha.
  6214 | D:8      | Noticed Grum
  6239 | D:8      | Killed Grum
  6702 | D:8      | Reached skill level 12 in Maces & Flails
  6909 | D:8      | Reached XP level 10. HP: 36/56 MP: 10/10
  7128 | D:8      | Noticed Pikel
  7150 | D:8      | Killed Pikel
  7183 | D:8      | Found an iron altar of Okawaru.
  7197 | D:8      | Became a worshipper of Warmaster Okawaru
  7341 | D:8      | You fall into a shaft and drop 1 floor!
  7990 | D:9      | Noticed a two-headed ogre
  7999 | D:9      | Killed a two-headed ogre
  7999 | D:9      | Reached * piety under Okawaru
  8197 | D:9      | Reached skill level 13 in Maces & Flails
  8264 | D:10     | Entered Level 10 of the Dungeon
  8589 | D:9      | Found a staircase to the Orcish Mines.
  8703 | D:9      | Found Wino's Book Boutique.
  8727 | D:9      | Found a radiant altar of Vehumet.
  9138 | D:9      | Found a basalt altar of Yredelemnul.
  9138 | D:9      | Found a sparkling altar of Nemelex Xobeh.
  9651 | D:10     | Found an iron altar of Okawaru.
  9706 | D:10     | Reached skill level 10 in Shields
  9805 | D:10     | Reached ** piety under Okawaru
  9970 | D:10     | Found a staircase to the Lair.
  9984 | D:10     | Reached XP level 11. HP: 47/60 MP: 11/11
 10692 | D:10     | Reached *** piety under Okawaru
 10969 | D:11     | Noticed a cyclops
 10974 | D:11     | Killed a cyclops
 11009 | D:11     | Found a transporter.
 11011 | D:11     | Noticed an orc high priest
 11014 | D:11     | Noticed an orc sorcerer
 11022 | D:11     | Found a transporter.
 11024 | D:11     | Noticed a two-headed ogre
 11043 | D:11     | Killed a two-headed ogre
 11043 | D:11     | Reached skill level 14 in Maces & Flails
 11237 | D:11     | Noticed a red ugly thing
 11262 | D:11     | Killed a red ugly thing
 11292 | D:11     | Noticed Psyche
 11302 | D:11     | Killed Psyche
 11369 | D:11     | Noticed a green ugly thing
 11394 | D:11     | Killed a purple ugly thing
 11396 | D:11     | Reached **** piety under Okawaru
 11509 | D:11     | Noticed Urug
 11558 | D:11     | Killed Urug
 11596 | D:11     | Noticed Gastronok
 11827 | D:11     | Slain by Gastronok

Illustrated notes

Levels and vault maps discovered:
D:1:      zaba_arrival_water, layout_rooms, serial_aquarium,
          aquarium_bridge_square [aquarium_subvault_bridge,
          aquarium_subvault_window, aquarium_subvault_window,
          aquarium_subvault_window], aquarium_window_1, aquarium_window_2,
          aquarium_view_2d, aquarium_view_2a, aquarium_balcony_double_1
D:2:      layout_loops_ring
D:3:      layout_loops_cross, first_ration, gup_sewer_entry_spiral
D:4:      layout_cave_pools, lemuel_round_altar,
          nicolae_ru_great_annihilating_truth, serial_shops,
          nicolae_shop_statue_plus, st_stairs_10, kennysheep_small_spiral,
          chequers_hall_statues_y
D:5:      layout_rooms, kennysheep_little_box, lemuel_coloured_pillars_altar,
          tgw_trog, guppyfry_shop_venom
D:6:      layout_rooms, nicolae_overflow_hidden_temple, cheibriados_altar_1,
          overflow_temple_1_default, temple_statues
D:7:      layout_cave_pools, kennysheep_mini, serial_shops,
          nicolae_shop_waterfront
D:8:      layout_basic, lemuel_crystal_altar, the_bakery,
          minmay_misc_feat_roman, uniq_grum, uniq_pikel
D:9:      layout_gridville, chequers_temple_overflow_statue_of_worship,
          david_orc_4, serial_shops, nicolae_shop_statue_plus,
          kennysheep_small_circle
D:10:     layout_long_grid, grunt_lair_entry_orc_guard_hut, special_room
          [special_room_bee], serial_undead, serial_undead_d, serial_undead_a,
          serial_undead_f, serial_undead_b, okawaru_ov_weapons_minmay
D:11:     gammafunk_wand_slinger, layout_small_grid, lightli_orcish_oven,
          uniq_psyche, uniq_urug, uniq_gastronok
Temple:   corrupted_temple

Skill      XL: |  1  2  3  4  5  6  7  8  9 10 11 |
---------------+----------------------------------+-----
Maces & Flails | 3 4 5 6 7 9 10 12 13 14 | 14.5
Shields        | 4 7 10 12 | 12.1
Fighting       | |  3.2
Armour         | |  3.2

Action                   |  1- 3 |  4- 6 |  7- 9 | 10-12 || total
-------------------------+-------+-------+-------+-------++-------
Melee: Flail             |    86 |   300 |   559 |    68 ||  1013
       Whip              |       |       |       |   294 ||   294
       Mace              |       |       |       |   509 ||   509
Throw: Javelin           |       |       |       |     1 ||     1
Invok: Heroism           |       |       |       |     2 ||     2
Evoke: Wand              |       |       |       |     2 ||     2
  Use: Scroll            |       |     3 |     2 |     3 ||     8
       Potion            |       |       |       |     4 ||     4
 Stab: Invisible         |       |       |       |     1 ||     1
  Eat: Chunk             |       |     6 |    15 |    17 ||    38
       Ration            |       |       |       |     1 ||     1
Armor: Scale mail        |    35 |   186 |   164 |    86 ||   471
       Chain mail        |       |       |    75 |   136 ||   211
Dodge: Dodged            |    32 |   103 |   116 |   127 ||   378
       Repelled          |       |       |     2 |     5 ||     7
Block: Kite shield       |    55 |   178 |   419 |   570 ||  1222
       Reflection        |       |       |     7 |    20 ||    27
